 Dungeon Crawl Stone Soup version 0.23-a0-726-g9fa1570 (webtiles) character file.

11424 Yakui the Impaler (level 11, -6/89 HPs)
             Began as a Merfolk Gladiator on Jan 16, 2019.
             Was a High Priest of Okawaru.
             Killed from afar by a swamp worm (14 damage)
             ... with a harpoon shot
             ... on level 2 of the Lair of Beasts.
             The game lasted 00:35:21 (13141 turns).

Yakui the Impaler (Merfolk Gladiator)              Turns: 13141, Time: 00:35:22

Health: -6/89      AC: 12    Str: 19    XL:     11   Next: 77%
Magic:  16/16      EV: 12    Int:  7    God:    Okawaru [*****.]
Gold:   776        SH:  0    Dex: 15    Spells: 10/10 levels left

rFire    + . .     SeeInvis .   a - +1 lajatang (elec) {god gift}
rCold    + + .     Gourm    .   (shield currently unavailable)
rNeg     . . .     Faith    .   Z - +0 chain mail {rC+}
rPois    +         Spirit   .   Q - +0 helmet
rElec    .         Reflect  .   Y - scarf {rC+ rF+}
rCorr    +         Harm     .   (no gloves)
MR       .....                  j - +0 pair of boots
Stlth    ..........             s - amulet of Tender Moments {RegenMP rPois}
HPRegen  0.24/turn              A - +3 ring of slaying
MPRegen  0.40/turn              T - ring of resist corrosion

@: no status effects
A: change form in water, swift swim, stealthy swim
a: Heroism, Finesse, Renounce Religion


You were on level 2 of the Lair of Beasts.
You worshipped Okawaru.
Okawaru was extremely pleased with you.
You were very hungry.

You visited 3 branches of the dungeon, and saw 13 of its levels.

You collected 776 gold pieces.

Inventory:

Hand Weapons
 a - a +1 lajatang of electrocution (weapon) {god gift}
 E - a +4 spear
 M - a +0 glaive
 O - a +0 halberd
Missiles
 d - 3 throwing nets
 U - 6 javelins of penetration (quivered) {god gift}
Armour
 j - a +0 pair of boots (worn)
 C - a +2 buckler
 Q - a +0 helmet (worn)
 Y - a scarf of resistance (worn)
 Z - a +0 chain mail of cold resistance (worn)
Jewellery
 o - an uncursed ring of fire
 s - the amulet of Tender Moments (around neck) {RegenMP rPois}
   (You took it off an orc warrior on level 10 of the Dungeon)

   [amulet of magic regeneration]

   It increases your magic regeneration.
   It protects you from poison.
 z - an uncursed amulet of faith
 A - a +3 ring of slaying (left hand)
 L - a +3 ring of intelligence
 T - a ring of resist corrosion (right hand)
Wands
 p - a wand of digging (7)
 B - a wand of random effects (46)
 F - a wand of flame (18)
 S - a wand of paralysis (7)
 V - a wand of iceblast (7)
 X - a wand of acid (11)
Scrolls
 b - 7 scrolls of identify
 h - 9 scrolls of remove curse {unknown}
 l - 4 scrolls of magic mapping {unknown}
 m - 3 scrolls of enchant armour {unknown}
 n - a scroll of enchant weapon {unknown}
 r - 10 scrolls of teleportation {unknown}
 v - a scroll of amnesia {unknown}
 y - a scroll of blinking {unknown}
 D - a scroll of random uselessness {unknown}
 H - 4 scrolls of fear {unknown}
 I - 2 scrolls of noise {unknown}
 J - 2 scrolls of silence {unknown}
 R - 3 scrolls of fog {unknown}
 W - a scroll of vulnerability {unknown}
Potions
 c - a potion of ambrosia {unknown}
 e - a potion of invisibility {unknown}
 g - 4 potions of curing
 i - a potion of berserk rage {unknown}
 k - 2 potions of haste {unknown}
 q - 3 potions of might {unknown}
 t - 3 potions of heal wounds {unknown}
 u - a potion of magic {unknown}
 w - 2 potions of resistance
 x - 2 potions of mutation {unknown}
 G - 3 potions of lignification
 K - 3 potions of flight {unknown}
 N - 2 potions of agility {unknown}
 P - 2 potions of brilliance {unknown}
Comestibles
 f - 14 rations


   Skills:
 + Level 9.3 Fighting
 - Level 16.0 Polearms
 - Level 2.0 Throwing
 + Level 4.5 Armour
 + Level 8.2 Dodging
 - Level 4.0 Shields
 + Level 7.7 Invocations


You had 10 spell levels left.
You didn't know any spells.
Your spell library was empty.

Dungeon Overview and Level Annotations

Branches:
Dungeon (10/15)            Temple (1/1) D:7            Lair (2/6) D:10
 Spider (0/4) Lair:2
  Swamp: Lair:2-4    Shoals: Lair:2-4       Orc: D:9-12

Altars:
Ashenzari
Cheibriados
Dithmenos
Elyvilon
Fedhas
Gozag
Hepliaklqana
Kikubaaqudgha
Makhleb
Nemelex Xobeh
Okawaru
Qazlal
Ru
Sif Muna
Trog
Uskayaw
Vehumet
Wu Jian
Xom
Yredelemnul
Zin
The Shining One

Annotations:
Lair:1 1 runed door, kirsanium's ghost, journeyman OpFE
Lair:2 exclusion: 2 oklob plants, Inarius's ghost, journeyman FeBe


Message History

The harpoon shot hits you!
You are yanked forward by the harpoon shot.
You slash the swamp worm!
The swamp worm is moderately wounded.
The swamp worm bites you!!
* * * LOW HITPOINT WARNING * * *
Your chain mail prevents you from hitting the swamp worm.
The swamp worm is moderately wounded.
The swamp worm bites you but does no damage.
The swamp worm bites you!
* * * LOW HITPOINT WARNING * * *
Okay, then.
You closely miss the swamp worm.
The swamp worm is moderately wounded.
The swamp worm closely misses you.
Press: ? - help, v - describe, . - travel The floor.
The swamp worm throws harpoon shot at you.
The harpoon shot hits you!
You die...

##...#.....##P..#...
#..##.....#P...#.D#
##..##.....#....#.(#
#...##.....#....#.W.
##...##+#..#....#.F
#####..#.#+.###....#
.#P###.........>........#
.....................<..#
................@...........
..............w.............
...........................#
.............###.#..###...##
.............# #..#.# ..##
l#####.P.....# ......# .#
#.##....##.......# .# ...
......#.


You could see a swamp worm.

Vanquished Creatures
  A centaur warrior (D:9)
  A black mamba (Lair:2)
  Joseph (Lair:1)
  A spiny frog (Lair:2)
  Grinder (D:5)
  3 trolls
  4 blink frogs (Lair:2)
  3 hippogriffs
  4 redbacks (Lair:2)
  12 yaks
  3 wyverns
  A steam dragon (D:9)
  2 vampire mosquitoes (D:7)
  3 porcupines
  A water moccasin (D:9)
  4 orc warriors
  2 sky beasts
  A black bear (D:7)
  2 ice beasts
  2 ogres
  A phantom (D:9)
  5 centaurs
  4 crocodiles
  8 bullfrogs
  4 scorpions
  2 centaur zombies (D:5)
  2 howler monkeys (D:10)
  6 crimson imps
  2 jellies (D:8)
  3 bullfrog zombies
  3 bullfrog skeletons
  6 hounds
  3 orc priests
  An orc wizard (D:6)
  Natasha (thrice) (D:3)
  2 iguanas
  9 worker ants
  A killer bee zombie (D:6)
  3 hound zombies
  2 hound skeletons
  3 worker ant zombies
  11 gnolls
  9 adders
  2 shadow imps
  An ooze (D:1)
  An adder zombie (D:5)
  2 adder skeletons
  6 worms
  A dart slug (D:4)
  5 leopard geckos
  20 orcs
  3 giant cockroaches
  5 goblins
  6 hobgoblins
  14 jackals
  2 quokkas
  A ball python (D:1)
  9 bats
  6 frilled lizards
  2 giant cockroach zombies (D:5)
  2 jackal skeletons
  5 kobolds
  A quokka skeleton (D:5)
  8 rats
  A butterfly (D:7)
248 creatures vanquished.

Vanquished Creatures (others)
  2 fungi (Lair:1)
  4 plants (Lair:1)
6 creatures vanquished.

Grand Total: 254 creatures vanquished

Notes
Turn   | Place    | Note
-------+----------+-------------------------------------------
     0 | D:1      | Yakui the Merfolk Gladiator began the quest for the Orb.
     0 | D:1      | Reached XP level 1. HP: 16/16 MP: 1/1
   154 | D:1      | Reached XP level 2. HP: 16/23 MP: 2/2
   168 | D:1      | Reached skill level 5 in Polearms
   514 | D:1      | Reached XP level 3. HP: 23/28 MP: 3/3
   803 | D:2      | Found a shattered altar of Ashenzari.
  1160 | D:2      | Found a stormy altar of Qazlal.
  1264 | D:2      | Found a shadowy altar of Dithmenos.
  1382 | D:2      | Reached skill level 6 in Polearms
  1382 | D:2      | Reached XP level 4. HP: 23/35 MP: 4/4
  1403 | D:2      | Found an iron altar of Okawaru.
  1496 | D:2      | Became a worshipper of Warmaster Okawaru
  1797 | D:3      | Found an ornate altar of the Wu Jian Council.
  1962 | D:3      | Noticed Natasha
  1972 | D:3      | Killed Natasha
  1972 | D:3      | Reached skill level 5 in Dodging
  1972 | D:3      | Reached XP level 5. HP: 18/41 MP: 5/5
  2185 | D:3      | Found a hide-covered altar of Uskayaw.
  2209 | D:3      | Reached skill level 1 in Invocations
  2332 | D:3      | Found a hazy altar of Hepliaklqana.
  2654 | D:4      | Reached skill level 7 in Polearms
  2723 | D:4      | Reached XP level 6. HP: 9/47 MP: 7/7
  2929 | D:3      | Noticed Natasha
  3049 | D:3      | Killed Natasha
  3136 | D:3      | Noticed Natasha
  3150 | D:3      | Killed Natasha
  3338 | D:4      | Found a sparkling altar of Nemelex Xobeh.
  3423 | D:4      | Reached skill level 8 in Polearms
  3444 | D:4      | Reached * piety under Okawaru
  4017 | D:5      | Entered Level 5 of the Dungeon
  4034 | D:4      | Reached XP level 7. HP: 44/53 MP: 7/9
  4381 | D:4      | Reached skill level 1 in Shields
  4680 | D:5      | Reached skill level 9 in Polearms
  4916 | D:5      | Noticed Grinder
  4934 | D:5      | Reached ** piety under Okawaru
  4945 | D:5      | Reached skill level 10 in Polearms
  4951 | D:5      | Reached XP level 8. HP: 44/60 MP: 10/10
  4972 | D:5      | Killed Grinder
  5296 | D:5      | Found an ornate altar of the Wu Jian Council.
  5368 | D:6      | Reached skill level 11 in Polearms
  5455 | D:6      | Found a deep blue altar of Sif Muna.
  5583 | D:6      | Found an opulent altar of Gozag.
  5583 | D:6      | Found a glowing silver altar of Zin.
  5843 | D:5      | Reached *** piety under Okawaru
  6099 | D:6      | Reached skill level 1 in Armour
  6099 | D:6      | Reached XP level 9. HP: 59/66 MP: 12/12
  6530 | D:7      | Found an iron altar of Okawaru.
  6585 | D:7      | Reached skill level 5 in Fighting
  6585 | D:7      | Reached skill level 12 in Polearms
  6600 | D:7      | Found a staircase to the Ecumenical Temple.
  6677 | Temple   | Entered the Ecumenical Temple
  7024 | D:7      | Found a radiant altar of Vehumet.
  7110 | D:7      | Reached skill level 5 in Invocations
  7321 | D:8      | Reached **** piety under Okawaru
  7349 | D:8      | Noticed a two-headed ogre
  7742 | D:8      | Received a gift from Okawaru
  7895 | D:8      | Found a glowing golden altar of the Shining One.
  8319 | D:9      | Noticed a troll
  8329 | D:9      | Killed a troll
  8329 | D:9      | Reached XP level 10. HP: 44/77 MP: 14/14
  8395 | D:9      | Reached skill level 13 in Polearms
  8492 | D:9      | Noticed a centaur warrior
  8503 | D:9      | Killed a centaur warrior
  8503 | D:9      | Reached ***** piety under Okawaru
  8761 | D:9      | Found an ancient bone altar of Kikubaaqudgha.
  8779 | D:9      | Reached skill level 14 in Polearms
  9064 | D:10     | Entered Level 10 of the Dungeon
  9501 | D:10     | Received a gift from Okawaru
  9607 | D:10     | Reached XP level 11. HP: 74/87 MP: 14/16
 10000 | D:9      | Reached skill level 15 in Polearms
 10942 | D:10     | Found a staircase to the Lair.
 10942 | D:10     | Identified the amulet of Tender Moments {RegenMP rPois}
 11137 | Lair:1   | Entered Level 1 of the Lair of Beasts
 11230 | Lair:1   | Found a runed door.
 11230 | Lair:1   | Noticed kirsanium's ghost (journeyman OpFE)
 11232 | Lair:1   | Identified the +2 trident "Qowin" {freeze, SInv}
 11250 | Lair:1   | Noticed Joseph
 11271 | Lair:1   | Killed Joseph
 12643 | Lair:2   | Found a hole to the Spider Nest.
 13090 | Lair:2   | Noticed an oklob plant
 13113 | Lair:2   | Noticed an oklob plant
 13122 | Lair:2   | Reached skill level 16 in Polearms
 13134 | Lair:2   | Noticed Inarius's ghost (journeyman FeBe)
 13134 | Lair:2   | Noticed a six-headed hydra
 13141 | Lair:2   | Killed from afar by a swamp worm

Vault maps used:
D:1:      dpeg_arrival_pond, minivault_11, minmay_unequal
D:2:      ashenzari_conservatory_becter,
          nicolae_dithmenos_through_a_glass_darkly,
          nicolae_qazlal_general_emergency, lemuel_coloured_pillars_altar
D:3:      nicolae_overflow_crystal_walls, old_standard_altar,
          old_standard_altar, first_ration, uniq_natasha
D:4:      overflow_temple_1_default, lemuel_statue_altar
D:5:      serial_undead, serial_undead_e, serial_undead_b, serial_undead_a,
          serial_undead_d, serial_undead_e, serial_undead_f, lemuel_tele_altar,
          uniq_grinder
D:6:      cheibrodos_thug_alley, grunt_temple_overflow_gold_and_silver,
          kennysheep_mini
D:7:      marbit_many_paths, minmay_temple_entry_butterflies,
          okawaru_metal_pillars_3
D:8:      basic_altar
D:9:      kiku_gazebo_pond_becter
D:10:     grunt_lair_entry_orc_guard_hut
Temple:   nicolae_temple_figure_zero
Lair:1:   ebering_ghost_funeral_grove, st_stairs_12, minmay_stone_trees_small,
          uniq_joseph
Lair:2:   palyth_hydra_swamp_entry, spider_nest_entry_webs,
          gammafunk_ghost_split, disabler_island

Skill      XL: |  1  2  3  4  5  6  7  8  9 10 11 |
---------------+----------------------------------+-----
Polearms       | 5 6 7 8 10 11 12 14 16 | 16.0
Fighting       | 3 4 6 8 9 |  9.3
Dodging        | 5 6 8 |  8.2
Invocations    | 2 3 4 6 7 |  7.7
Shields        | 2 4 |  4.0
Armour         | 1 3 4 |  4.5
Throwing       | |  2.0

Action                   |  1- 3 |  4- 6 |  7- 9 | 10-12 || total
-------------------------+-------+-------+-------+-------++-------
Melee: Trident           |   161 |   228 |    25 |       ||   414
       Spear             |       |       |   382 |   134 ||   516
       Glaive            |       |       |       |   111 ||   111
       Lajatang          |       |       |       |    92 ||    92
Invok: Heroism           |       |       |     1 |     2 ||     3
  Use: Scroll            |       |     4 |     2 |       ||     6
       Potion            |       |     1 |       |       ||     1
 Stab: Distracted        |       |       |     1 |       ||     1
  Eat: Chunk             |     2 |     8 |     7 |    14 ||    31
       Ration            |       |       |     2 |       ||     2
Armor: Scale mail        |    65 |    59 |    66 |    12 ||   202
       Leather armour    |     1 |       |       |       ||     1
       Chain mail        |       |       |       |    63 ||    63
Dodge: Dodged            |   111 |    86 |   118 |   126 ||   441
Block: Buckler           |       |     2 |    72 |    24 ||    98

Table legend:
 A = Non-vault XP
 B = Vault XP
 C = Vault XP percentage of total XP
 D = Non-vault monster count
 E = Vault monster count
 F = Vault count percentage of total count
                 A         B        C        D         E       F
            +---------+---------+-------+---------+---------+-------
      Total |   13760 |    2560 |  15.7 |     219 |      28 |  11.3
            +---------+---------+-------+---------+---------+-------
        D:1 |      40 |       4 |   9.1 |      22 |       3 |  12.0
        D:2 |      85 |       0 |   0.0 |      19 |       0 |   0.0
        D:3 |     145 |      35 |  19.4 |      16 |       1 |   5.9
        D:4 |     478 |       0 |   0.0 |      33 |       0 |   0.0
        D:5 |     358 |     539 |  60.1 |       7 |      13 |  65.0
        D:6 |     817 |       0 |   0.0 |      20 |       0 |   0.0
        D:7 |    1081 |       0 |   0.0 |      19 |       0 |   0.0
        D:8 |     669 |       0 |   0.0 |      15 |       0 |   0.0
        D:9 |    3837 |       0 |   0.0 |      28 |       0 |   0.0
       D:10 |    2888 |     550 |  16.0 |      25 |       5 |  16.7
     Lair:1 |     655 |     533 |  44.9 |       5 |       2 |  28.6
     Lair:2 |    2707 |     899 |  24.9 |      10 |       4 |  28.6
            +---------+---------+-------+---------+---------+-------
